 Dungeon Crawl Stone Soup version 0.27.1 (webtiles) character file.

Game seed: 1535557825985895171

3280 acemry the Blocker (level 9, 0/74 HPs)
             Began as a Minotaur Fighter on Sept 3, 2021.
             Was an Initiate of Okawaru.
             Splashed by Pikel's acid (15 damage)
             ... on level 7 of the Dungeon.
             The game lasted 00:20:10 (6715 turns).

acemry the Blocker (Minotaur Fighter)               Turns: 6715, Time: 00:20:12

Health: 0/74       AC: 18    Str: 23    XL:     9   Next: 69%
Magic:  8/8        EV:  7    Int:  5    God:    Okawaru [......]
Gold:   333        SH: 18    Dex:  9    Spells: 8/8 levels left

rFire    . . .     SeeInvis +   a - +1 flail (vorpal)
rCold    . . .     Faith    .   c - +1 kite shield
rNeg     + . .     Spirit   .   D - +7 chain mail "Xeshrori" {Harm}
rPois    +         Reflect  +   (helmet restricted)
rElec    .         Harm     +   p - scarf {shadows}
rCorr    .         Rampage  .   (no gloves)
Will     .....                  E - +0 pair of boots
Stlth    ..........             f - amulet of reflection
HPRegen  0.22/turn              F - ring of positive energy
MPRegen  0.11/turn              v - ring of poison resistance

@: no status effects
A: horns 2, retaliatory headbutt, see invisible, clumsy 1
a: Renounce Religion


You were on level 7 of the Dungeon.
You worshipped Okawaru.
Okawaru was noncommittal.
You visited 2 branches of the dungeon, and saw 8 of its levels.
You also visited: Sewer and Ossuary.

You collected 333 gold pieces.

Inventory:

Hand Weapons
 a - a +1 vorpal flail (weapon)
 z - a +0 morningstar
Missiles
 e - 18 poisoned darts (quivered)
 g - 37 sling bullets
 A - 6 atropa-tipped darts
Armour
 c - a +1 kite shield (worn)
 m - a +0 plate armour
 p - a scarf of shadows (worn)
 D - the +7 chain mail "Xeshrori" (worn) {Harm}
   (You found it on level 5 of the Dungeon)

   Harm:      It increases damage dealt and taken.
 E - a +0 pair of boots (worn)
Jewellery
 f - an amulet of reflection (around neck)
 v - a ring of poison resistance (right hand)
 F - a ring of positive energy (left hand)
Scrolls
 b - a scroll of brand weapon {unknown}
 h - 3 scrolls of fog
 k - a scroll of teleportation
 t - 2 scrolls of identify
Potions
 d - 3 potions of might
 i - 3 potions of heal wounds
 j - 4 potions of brilliance
 l - 6 potions of flight
 n - 3 potions of invisibility
 o - 2 potions of curing
 q - a potion of lignification {unknown}
 s - 3 potions of cancellation
 u - 4 potions of haste
 B - 4 potions of attraction


   Skills:
 - Level 5.6 Fighting
 + Level 10.4 Maces & Flails
 - Level 4.9 Armour
 * Level 11.9 Shields


You had 8 spell levels left.
You didn't know any spells.
Your spell library contained the following spells:

 Spells                   Type           Power      Damage    Failure   Level
 Freeze                   Ice            0%         1d3       99%         1
 Frozen Ramparts          Ice            0%         1d2       100%        3
 Gell's Gravitas          Tloc           0%         N/A       100%        3
 Inner Flame              Hex/Fire       0%         N/A       100%        3
 Lesser Beckoning         Tloc           0%         N/A       100%        3
 Stone Arrow              Conj/Erth      0%         3d7       100%        3
 Teleport Other           Tloc           0%         N/A       100%        3
 Cause Fear               Hex            0%         N/A       100%        4
 Hailstorm                Conj/Ice       0%         3d3       100%        4
 Bolt of Magma            Conj/Fire/Erth 0%         4d4       100%        5
 Discord                  Hex            0%         N/A       100%        8
 Shatter                  Erth           0%         3d5*      100%        9


Dungeon Overview and Level Annotations

Branches:
Dungeon (7/15)             Temple (1/1) D:4           Sewer (visited)
Ossuary (visited)

Altars:
Ashenzari
Cheibriados
Dithmenos
Fedhas
Gozag
Hepliaklqana
Makhleb
Nemelex Xobeh
Okawaru
Qazlal
Ru
Sif Muna
Trog
Uskayaw
Wu Jian
Xom
Yredelemnul
The Shining One

Shops:
D:6 =

Annotations:
D:7 Pikel


Innate Abilities, Weirdness & Mutations

You have a pair of horns on your head.
You reflexively headbutt those who attack you in melee.
You have supernaturally acute eyesight. (SInv)
You are clumsy. (Dex -2)


Message History

Pikel waves his whip at you. You block the lemure's attack.
You closely miss the sky beast.
The sky beast is severely wounded.
You block the sky beast's attack.
Pikel says, "Hell isn't that bad."
The lemure hits you but does no damage.
You closely miss the sky beast.
The sky beast is severely wounded.
The sky beast flickers out of sight for a moment.
You block the sky beast's attack. You block the lemure's attack.
You thump the sky beast!
You kill the sky beast!
Okawaru accepts your kill. You block the lemure's attack.
Your chain mail "Xeshrori" prevents you from hitting the lemure.
Pikel zaps a wand.
The bolt of acid hits you!
You are splashed with acid!
You hit the lemure. Your headbutt misses the lemure.
The lemure is lightly wounded.
You block the lemure's attack. x2
You barely miss the lemure.
The lemure is lightly wounded.
You block the lemure's attack. x2
You sock Pikel!
Pikel is moderately wounded.
You block the lemure's attack. x2
You closely miss Pikel.
Pikel is moderately wounded.
You block Pikel's attack. You block the lemure's attack.
The lemure hits you but does no damage.
You hit Pikel but do no damage. Your headbutt misses Pikel.
Pikel is moderately wounded.
You block Pikel's attack. You block the lemure's attack. x2
You hit Pikel.
Pikel is heavily wounded.
Pikel says, "Hell isn't that bad."
Pikel zaps a wand.
The bolt of acid hits you!
* * * LOW HITPOINT WARNING * * *
You are splashed with acid!
You die...

#.................†
#.........##......#
#.........##......#
#>.........#......#
#..........+......#
#...########......#
#...# ###+### #...#
.. #5@5# ... ##K##
... #.....5......
#........####
#........#
#........#
#........#
#........#


You could see Pikel and 3 lemures.

Vanquished Creatures
  A two-headed ogre (D:5)
  5 sky beasts
  An orc warrior (D:6)
  An ice beast (D:5)
  A black bear (D:6)
  2 necrophages
  A phantom (D:7)
  A kobold brigand (Sewer)
  A lemure (D:7)
  A gnoll sergeant (D:6)
  9 scorpions (Ossuary)
  A water moccasin zombie (D:5)
  A bullfrog zombie (D:6)
  2 centaur zombies (Ossuary)
  A human zombie (Ossuary)
  2 orc priests
  A bullfrog skeleton (D:6)
  Jessica (D:2)
  An iguana (D:7)
  3 orc wizards
  5 scorpion zombies (Ossuary)
  A killer bee zombie (D:5)
  3 mummies (Ossuary)
  21 adders
  10 gnolls
  A white imp (D:6)
  6 dart slugs
  12 orcs
  8 ball pythons
  5 endoplasms
  5 giant cockroaches
  5 gnoll zombies (Ossuary)
  7 hobgoblins
  24 kobolds
  8 quokkas
  6 bats
  2 frilled lizards
  12 goblins
  2 goblin zombies
  3 hobgoblin zombies (Ossuary)
  2 kobold zombies (Ossuary)
  An orc zombie (Ossuary)
  A quokka zombie (D:6)
  10 rats
197 creatures vanquished.

Vanquished Creatures (others)
  31 plants
31 creatures vanquished.

Grand Total: 228 creatures vanquished

Notes
Turn   | Place    | Note
-------+----------+-------------------------------------------
     0 | D:1      | acemry the Minotaur Fighter began the quest for the Orb.
     0 | D:1      | Reached XP level 1. HP: 19/19 MP: 0/0
    84 | D:1      | Found a faded altar of an unknown god.
   194 | D:1      | Reached XP level 2. HP: 27/27 MP: 1/1
   369 | D:1      | Reached skill level 4 in Shields
   771 | D:2      | Reached XP level 3. HP: 32/33 MP: 2/2
   853 | D:2      | Noticed Jessica
   863 | D:2      | Killed Jessica
   864 | D:2      | Reached XP level 4. HP: 34/41 MP: 3/3
  1737 | D:3      | Reached skill level 5 in Shields
  1737 | D:3      | Reached XP level 5. HP: 47/47 MP: 4/4
  2613 | D:4      | Found a glowing drain.
  2647 | D:4      | Noticed a necrophage
  2649 | Sewer    | Entered a sewer
  2819 | Sewer    | Reached skill level 5 in Fighting
  2819 | Sewer    | Reached XP level 6. HP: 39/56 MP: 5/5
  3213 | Sewer    | Identified the +3 hunting sling of World Downfall {flame,
                  | *Slow +Blink rPois MP+9}
  3266 | D:4      | Reached skill level 5 in Maces & Flails
  3398 | D:4      | Reached skill level 6 in Shields
  3539 | D:4      | Reached XP level 7. HP: 56/61 MP: 6/6
  3596 | D:4      | Found a staircase to the Ecumenical Temple.
  3609 | Temple   | Entered the Ecumenical Temple
  4115 | D:5      | Entered Level 5 of the Dungeon
  4391 | D:5      | Identified the +7 chain mail "Xeshrori" {Harm}
  4424 | D:5      | Noticed a two-headed ogre
  4440 | D:5      | Reached skill level 7 in Shields
  4445 | D:5      | Killed a two-headed ogre
  4446 | D:5      | Reached skill level 9 in Shields
  4446 | D:5      | Reached XP level 8. HP: 20/69 MP: 7/7
  4771 | D:5      | Gained mutation: You are clumsy. (Dex -2) [potion of
                  | mutation]
  4771 | D:5      | Gained mutation: You have supernaturally acute eyesight.
                  | (SInv) [potion of mutation]
  5258 | D:6      | Reached skill level 10 in Shields
  5397 | D:6      | Reached XP level 9. HP: 64/74 MP: 8/8
  5443 | D:6      | Found Goeg's Jewellery Boutique.
  5483 | D:6      | Found a sand-covered staircase.
  5491 | Ossuary  | Entered an ossuary
  5653 | Ossuary  | Reached skill level 11 in Shields
  5667 | Ossuary  | Reached skill level 10 in Maces & Flails
  6113 | D:6      | Found an iron altar of Okawaru.
  6129 | D:6      | Found a burning altar of Makhleb.
  6139 | D:6      | Became a worshipper of Warmaster Okawaru
  6690 | D:7      | Noticed Pikel
  6715 | D:7      | Splashed by Pikel's acid

Illustrated notes

Levels and vault maps discovered:
D:1:      dpeg_arrival_more_subterranean_lakeside_camping, layout_loops_ring,
          shapermc_ecumenical_altar_mp_highgroup, minmay_tromino_v2
D:2:      wad_woods_tower, layout_rooms, st_stairs_13, uniq_jessica
D:3:      layout_basic, kennysheep_generic_room_6
D:4:      layout_gridville, minmay_temple_entry_large_hall,
          gup_sewer_entry_glass, minmay_snake_closets
D:5:      layout_basic, kennysheep_potato
D:6:      layout_basic, okawaru_trees_1, mainiacjoe_overflow_boulevard,
          serial_shops, shop, enter_ossuary_4
D:7:      layout_gridville, uniq_pikel
Temple:   eino_temple_scatter_basement

Skill      XL: |  1  2  3  4  5  6  7  8  9 |
---------------+----------------------------+-----
Shields        | 4 5 6 9 10 11 | 11.9
Armour         | 4 |  4.9
Fighting       | 4 5 |  5.6
Maces & Flails | 3 4 5 7 9 10 | 10.4

Action                   |  1- 3 |  4- 6 |  7- 9 || total
-------------------------+-------+-------+-------++-------
Melee: Flail             |    88 |   217 |   236 ||   541
       Headbutt          |    10 |    24 |    47 ||    81
       Morningstar       |       |       |    18 ||    18
  Use: Scroll            |     1 |     3 |    14 ||    18
       Potion            |       |       |     5 ||     5
Armor: Scale mail        |    41 |    71 |     6 ||   118
       Chain mail        |       |       |    52 ||    52
Dodge: Dodged            |    28 |    52 |    42 ||   122
Block: Kite shield       |    89 |   202 |   220 ||   511
       Reflection        |     3 |     6 |       ||     9
